 Dungeon Crawl Stone Soup version bcrawl-1.38.1 (webtiles) character file.

Game seed: 17471414006326737825

499316 Morbidden the Cruncher (level 13, -11/138 HPs)
             Began as an Ent Archaeologist on Mar 29, 2023.
             Was a High Priest of Cheibriados.
             Killed from afar by a lindwurm (35 damage)
             ... with a blast of flame
             ... on level 6 of the Lair of Beasts.
             The game lasted 00:31:07 (14788 turns).

Morbidden the Cruncher (Ent Archaeologist)         Turns: 14788, Time: 00:31:07

Health: -11/138    AC: 23    Str: 35    XL:     13   Next: 64%
Magic:  7/23       EV: 14    Int: 37    God:    Cheibriados [*****.]
Gold:   1136       SH:  0    Dex: 16    Spells: 6/26 levels left

rFire    . . .     GDR:     35% a - +5 lajatang of Imbalance {flame, Str+5 Int+4 Dex-4}
rCold    + . .     SeeInvis .   (no shield)
rNeg     + + +     Gourm    .   (armour unavailable)
rPois    +         Faith    .   A - +2 hat
rElec    .         Spirit   .   G - +0 cloak {+Inv}
rCorr    .         Reflect  .   (gloves unavailable)
MR       +....     Clarity  +   (boots unavailable)
Stlth    ++++......             (no amulet)
HPRegen  0.33/turn              h - +3 ring of slaying
MPRegen  0.18/turn              u - ring of protection from cold

@: very slow
A: large, slow actions, passwall, strong branches, negative energy resistance 3,
poison resistance, slow metabolism 1, torment resistance, unbreathing, AC +20
a: Passwall, Bend Time, Defer, Temporal Distortion, Step From Time, Renounce
Religion, Evoke Invisibility


You were on level 6 of the Lair of Beasts.
You worshipped Cheibriados.
Cheibriados was extremely pleased with you.
You were hungry.

You visited 3 branches of the dungeon, and saw 15 of its levels.
You also visited: Ossuary and Volcano.

You collected 1383 gold pieces.
You spent 247 gold pieces at shops.

Inventory:

Hand Weapons
 a - the +5 lajatang of Imbalance (weapon) {flame, Str+5 Int+4 Dex-4}
   (You acquired it on level 3 of the Dungeon)

   It has been specially enchanted to surge with flame as it hits, increasing
   damage dealt by approximately one third against foes not resistant or
   susceptible to fire.
   Its heat also prevents any hydra heads it cuts off from regrowing.
   It affects your strength (+5).
   It affects your intelligence (+4).
   It affects your dexterity (-4).
 b - a +0 fustibalus of flaming
 w - a +1 mace of holy wrath
 B - a +0 blowgun
 Y - a +1 battleaxe of flaming
 Z - the +0 falchion of Taxation {slice, *Noise rF+ Str+3, unknown}
   (You found it on level 5 of the Lair of Beasts)

   It will always inflict at least some extra damage.
   This minimum extra damage increases with your current reserve of magical
   power.
   It affects your strength (+3).
   It protects you from fire.
   It may make noises in combat.
Missiles
 c - a throwing net {=f}
 d - 3 curare-tipped needles
 n - 1809 stones (quivered)
 D - 1231 arrows
 E - 91 poisoned tomahawks
 F - 220 poisoned needles
Armour
 A - a +2 hat (worn)
 G - a +0 cloak of invisibility (worn)
Jewellery
 h - a +3 ring of slaying (left hand)
 u - a ring of protection from cold (right hand)
 M - an uncursed ring of protection from cold
Wands
 t - a wand of clouds (6)
 C - a wand of random effects (8)
 I - a wand of disintegration (18)
 J - a wand of iceblast (2)
 L - a wand of paralysis (6)
 N - a wand of scattershot (6)
 O - a wand of flame (19)
 Q - a wand of acid (3)
 T - a wand of polymorph (12)
Scrolls
 f - a scroll of enchant weapon {unknown}
 g - 2 scrolls of brand weapon {unknown}
 i - 10 scrolls of identify
 l - 12 scrolls of remove curse {unknown}
 m - 3 scrolls of blinking {unknown}
 p - 5 scrolls of fear {unknown}
 s - 5 scrolls of teleportation
 v - 4 scrolls of immolation {unknown}
 x - 3 scrolls of fog {unknown}
 y - 2 scrolls of amnesia {unknown}
 P - a scroll of magic mapping
 S - 2 scrolls of enchant armour {unknown}
 V - a scroll of summoning {unknown}
 X - a scroll of noise {unknown}
Potions
 j - 6 potions of mutation
 k - 4 potions of might
 o - 3 potions of flight
 q - 7 potions of curing
 r - a potion of agility
 z - a potion of invisibility
 H - a potion of brilliance {unknown}
 R - a potion of haste {unknown}
 U - a potion of ambrosia {unknown}
 W - 3 potions of berserk rage {unknown}
Miscellaneous
 K - a lightning rod (1/4)
Comestibles
 e - 24 rations {!d}


   Skills:
 * Level 8.4 Fighting
 * Level 8.5(11.8) Maces & Flails
 * Level 11.2(11.9) Staves
 + Level 1.1(3.6) Slings
   Level 1.5 Bows
 * Level 5.5(5.6) Throwing
 * Level 7.8 Dodging
 * Level 9.0 Stealth
 * Level 7.1 Spellcasting
 * Level 5.3 Conjurations
 * Level 4.4 Charms
 * Level 4.9 Fire Magic
 * Level 1.9 Air Magic
 * Level 3.3 Invocations
 * Level 5.9 Evocations


You had 6 spell levels left.
You knew the following spells:

 Your Spells              Type           Power        Failure   Level  Hunger
a - Fireball              Conj/Fire      ######....   10%         5    #####..
b - Flaming Arrows        Chrm/Fire      #####...     1%          2    None
c - Chain Lightning       Conj/Air       #####.....   100%        8    #######
d - Flame Tongue          Conj/Fire      #####        1%          1    None
z - Sticky Flame          Conj/Fire      ######..     3%          4    ###....

Your spell library contained the following spells:

 Spells                   Type           Power        Failure   Level  Hunger
 Magic Dart               Conj           ####         1%          1    None
 Static Discharge         Air            ####..       1%          1    None
 Searing Ray              Conj           ######..     1%          2    None
 Conjure Flame            Conj/Fire      ######..     1%          3    None
 Iskenderun's Mystic Bla  Conj           ######..     1%          3    None
 Inner Flame              Hex/Fire       N/A          3%          3    None
 Lightning Bolt           Conj/Air       #####...     6%          4    ###....
 Fulminant Prism          Conj/Hex       ####......   10%         4    ###....
 Irradiate                Conj/Tmut      ####......   26%         5    #####..
 Summon Lightning Spire   Summ/Air       ###.....     50%         5    #####..
 Conjure Ball Lightning   Conj/Air       #####.....   69%         6    ######.


Dungeon Overview and Level Annotations

Branches:
Dungeon (8/12)             Temple (1/1) D:6            Lair (6/6) D:7
 Shoals (0/3) Lair:4        Snake (0/3) Lair:2
  Slime: Lair:5-6       Orc: D:8-11

Altars:
Ashenzari
Cheibriados
Dithmenos
Elyvilon
Hepliaklqana
Lugonu
Nemelex Xobeh
Okawaru
Ru
Sif Muna
Trog
Uskayaw
Vehumet
Wu Jian
Xom
Yredelemnul
Zin
The Shining One

Shops:
D:7 [

Portals:
Abyss: D:3

Annotations:
Lair:1 1 runed translucent door, yrara's ghost, journeyman DsFi
Lair:4 1 runed door


Innate Abilities, Weirdness & Mutations

You move and act slowly.
You can pass through walls and trees.
Your branches can wield two-handed weapons with a shield.
Your thick bark is tough. (AC +20)
You are too large for most types of armour.
You are immune to negative energy. (rN+++)
Your system is resistant to poisons. (rPois)
You have a slow metabolism.
You are immune to unholy pain and torment.
You can survive without breathing.


Message History

No path to travel!
No path to travel!
No path to travel!
No path to travel!
No path to travel!
Evoke which item? (* to show all) (? for menu, Esc to quit)
Aiming: Thunderbolt
Press: ? - help, Shift-Dir - straight line, p - lindwurm The thunderbolt hits the wyvern.
The wyvern is blinded by the flash.
The wyvern is almost dead.
The thunderbolt hits the lindwurm!
The lindwurm is moderately wounded.
The thunderbolt hits the black mamba.
The black mamba is severely wounded.
You hear an angry hiss.
You hear a bleat!
The wyvern misses you. The black mamba barely misses you.
The wyvern completely misses you. The lindwurm breathes flames at you.
The blast of flame hits you!!
You die...

#P.###.†..## ## ## ###
#P.P###.†..# .## ..#..
##P###.....##...## ..#
.....##...........##...#
..##
.............P.....##..##
...#
....................##..#
.###
.............###.....#..#
..#
.........#.##†.###.....##
.## .....$.l@###
P...###...# .P#
.......kS# .P....###.#
..# .........l..........
### .P#
........†........... ..#
.##......##........# .##
#.......# s.P...### ..#
.........# ... .##
..$....... ## ..#
..........


You could see a lindwurm, a black mamba (blind), 2 wyverns and a redback.

Vanquished Creatures
  Kirke (Lair:3)
  4 hydras
  4 death yaks (Lair:5)
  2 alligators (Lair:4)
  A hell knight (Volcano)
  A salamander mystic (Volcano)
  A swamp dragon (Lair:4)
  A wolf spider (Lair:6)
  An ugly thing (D:8)
  5 salamanders (Volcano)
  5 black mambas
  6 elephants (Lair:4)
  Joseph (Lair:1)
  9 cane toads
  A rime drake (Lair:5)
  A kobold demonologist (D:8)
  7 komodo dragons
  3 trolls
  2 slime creatures (Lair:4)
  Grinder (D:6)
  A hornet (Lair:6)
  A polar bear (Lair:4)
  5 blink frogs (Lair:6)
  5 hippogriffs
  17 yaks
  7 wyverns
  2 hogs (Lair:3)
  A hungry ghost (D:7)
  A vampire mosquito (D:8)
  3 swamp worms (Lair:4)
  9 water moccasins
  10 crocodiles
  4 nagas (Lair:2)
  8 porcupines
  3 swamp drakes (Lair:4)
  2 orc warriors
  A hornet zombie (D:8)
  A phantom (D:6)
  A sky beast (D:8)
  A black bear (Lair:4)
  2 ice beasts (D:5)
  3 ogres
  A black bear (shapeshifter) (D:7)
  2 necrophages (D:7)
  10 wolves
  15 kobold brigands
  11 bullfrogs
  Blork the orc (D:4)
  3 centaurs
  4 scorpions
  5 wights (D:7)
  2 howler monkeys
  3 orc priests
  6 bullfrog zombies
  9 crimson imps
  5 hounds
  A gnoll shaman (D:7)
  Crazy Yiuf (D:2)
  4 jellies
  5 orc wizards
  A bullfrog skeleton (D:7)
  An iguana (Lair:6)
  2 killer bee zombies
  Terence (D:2)
  4 worker ants
  6 hound zombies
  13 mummies (Ossuary)
  A howler monkey zombie (D:6)
  5 worker ant zombies
  3 gnolls (D:7)
  8 adders
  3 shadow imps
  4 adder zombies
  2 oozes
  4 worms
  2 dart slugs (D:1)
  4 leopard geckos
  27 orcs
  4 bats
  3 giant cockroaches
  3 goblins
  9 hobgoblins
  7 quokkas
  2 ball pythons
  3 frilled lizards
  A jackal skeleton (D:4)
  19 kobolds
  4 rats
  A lurking horror (D:3)
  A plant (Lair:6)
381 creatures vanquished.

Vanquished Creatures (others)
  14 fungi
  A lurking horror (D:3)
  38 plants
  5 withered plants (Ossuary)
58 creatures vanquished.

Grand Total: 439 creatures vanquished

Notes
Turn   | Place    | Note
-------+----------+-------------------------------------------
     0 | D:1      | Morbidden the Ent Archaeologist began the quest for the
                  | Orb.
     0 | D:1      | Reached XP level 1. HP: 21/21 MP: 1/1
   179 | D:1      | Reached XP level 2. HP: 29/29 MP: 2/2
   765 | D:2      | Noticed Terence
   771 | D:2      | Killed Terence
   772 | D:2      | Reached XP level 3. HP: 33/37 MP: 3/3
  1066 | D:2      | Reached XP level 4. HP: 39/46 MP: 4/4
  1207 | D:2      | Found a bloodstained altar of Trog.
  1535 | D:2      | Found a runed door.
  1539 | D:2      | Noticed Crazy Yiuf
  1549 | D:2      | Paralysed by Crazy Yiuf for 2 turns
  1551 | D:2      | Killed Crazy Yiuf
  1891 | D:3      | Reached skill level 1 in Throwing
  1892 | D:3      | Reached skill level 1 in Spellcasting
  1942 | D:3      | Reached skill level 1 in Evocations
  1987 | D:3      | Noticed an orc warrior
  2004 | D:3      | Killed an orc warrior
  2005 | D:3      | Reached XP level 5. HP: 20/53 MP: 6/6
  2005 | D:3      | Identified a scroll of acquirement
  2005 | D:3      | Identified the +5 lajatang of Imbalance {flame, Str+5 Int+4
                  | Dex-4} (You acquired it on level 3 of the Dungeon)
  2005 | D:3      | Identified the +1 hat of the Immovable Shrikes {Str+4} (You
                  | acquired it on level 3 of the Dungeon)
  2128 | D:3      | Found a one-way gate to the infinite horrors of the Abyss.
  2128 | D:3      | Found a corrupted altar of Lugonu.
  2388 | D:4      | Reached XP level 6. HP: 48/64 MP: 8/8
  2542 | D:4      | Noticed an orc warrior
  2551 | D:4      | Killed an orc warrior
  2552 | D:4      | Reached skill level 1 in Staves
  2757 | D:4      | Found a shattered altar of Ashenzari.
  3013 | D:4      | Reached skill level 2 in Staves
  3034 | D:4      | Reached XP level 7. HP: 71/71 MP: 8/10
  3227 | D:4      | Noticed Blork the orc
  3242 | D:4      | Killed Blork the orc
  3243 | D:4      | Reached skill level 3 in Staves
  3599 | D:5      | Entered Level 5 of the Dungeon
  3640 | D:5      | Reached skill level 5 in Stealth
  3890 | D:5      | Found a sacrificial altar of Ru.
  3983 | D:5      | Reached XP level 8. HP: 81/81 MP: 11/11
  4072 | D:5      | Found a corrupted altar of Lugonu.
  4112 | D:5      | Reached skill level 4 in Staves
  4232 | D:5      | Found an iron altar of Okawaru.
  4467 | D:6      | Reached skill level 1 in Bows
  4718 | D:6      | Reached skill level 5 in Staves
  4831 | D:6      | Noticed Grinder
  4835 | D:6      | Killed Grinder
  4836 | D:6      | Reached skill level 5 in Dodging
  4846 | D:6      | Reached XP level 9. HP: 70/91 MP: 12/14
  4947 | D:6      | Found a staircase to the Ecumenical Temple.
  4956 | Temple   | Entered the Ecumenical Temple
  5287 | D:6      | Learned a level 1 spell: Flame Tongue
  5524 | D:7      | Found Symnont's Antique Armour Shoppe.
  5531 | D:7      | Bought a glowing cloak for 247 gold pieces
  5567 | D:7      | Reached skill level 5 in Maces & Flails
  5624 | D:7      | Reached skill level 6 in Staves
  5737 | D:7      | Reached skill level 1 in Conjurations
  5765 | D:7      | Reached skill level 1 in Fire Magic
  5807 | D:7      | Noticed a troll
  5852 | D:7      | Reached skill level 5 in Fighting
  6015 | D:7      | Found a shimmering altar of Xom.
  6016 | D:7      | Found a shimmering altar of Xom.
  6017 | D:7      | Found a shimmering altar of Xom.
  6018 | D:7      | Found a shimmering altar of Xom.
  6018 | D:7      | Found a shimmering altar of Xom.
  6020 | D:7      | Found a shimmering altar of Xom.
  6020 | D:7      | Found a shimmering altar of Xom.
  6026 | D:7      | Found a shimmering altar of Xom.
  6184 | D:7      | Killed a troll
  6223 | D:7      | Reached skill level 7 in Staves
  6410 | D:7      | Reached XP level 10. HP: 90/103 MP: 16/16
  6541 | D:7      | Found a staircase to the Lair.
  6704 | Lair:1   | Entered Level 1 of the Lair of Beasts
  6883 | Lair:1   | Found a runed translucent door.
  6883 | Lair:1   | Noticed yrara's ghost (journeyman DsFi)
  6912 | Lair:1   | Noticed a cane toad
  6918 | Lair:1   | Killed a cane toad
  7076 | Lair:1   | Noticed a black mamba
  7085 | Lair:1   | Killed a black mamba
  7284 | Lair:1   | Noticed Joseph
  7298 | Lair:1   | Killed Joseph
  7299 | Lair:1   | Reached skill level 8 in Staves
  7701 | Lair:2   | Found a staircase to the Snake Pit.
  7739 | Lair:2   | Learned a level 2 spell: Flaming Arrows
  7796 | Lair:2   | Noticed a cane toad
  7805 | Lair:2   | Killed a cane toad
  7806 | Lair:2   | Reached skill level 5 in Spellcasting
  7822 | Lair:2   | Reached XP level 11. HP: 67/113 MP: 16/18
  8125 | Lair:2   | Noticed a four-headed hydra
  8133 | Lair:2   | Killed a two-headed hydra
  8398 | Lair:2   | Reached skill level 1 in Charms
  8706 | Lair:2   | Reached skill level 9 in Staves
  9468 | Lair:3   | Noticed Kirke
  9484 | Lair:3   | Noticed a harpy
  9484 | Lair:3   | Noticed a harpy
  9487 | Lair:3   | Noticed a lindwurm
  9487 | Lair:3   | Killed Kirke
 10129 | Lair:4   | Found a staircase to the Shoals.
 10129 | Lair:4   | Noticed a harpy
 10130 | Lair:4   | Noticed a harpy
 10130 | Lair:4   | Noticed a harpy
 10133 | Lair:4   | Found a runed door.
 10560 | Lair:4   | Reached XP level 12. HP: 124/127 MP: 20/20
 10627 | Lair:4   | Noticed an eight-headed hydra
 10636 | Lair:4   | Killed a seven-headed hydra
 10637 | Lair:4   | Reached skill level 5 in Evocations
 10693 | Lair:4   | Reached skill level 10 in Staves
 10711 | Lair:4   | Noticed an alligator
 10721 | Lair:4   | Killed an alligator
 10818 | Lair:4   | Noticed an alligator
 10831 | Lair:4   | Killed an alligator
 11170 | Temple   | Became a worshipper of Cheibriados the Contemplative
 11268 | D:8      | Found a sand-covered staircase.
 11280 | Ossuary  | Entered an ossuary
 11309 | Ossuary  | Reached * piety under Cheibriados
 11313 | Ossuary  | Reached skill level 5 in Throwing
 11492 | Ossuary  | Reached ** piety under Cheibriados
 11583 | D:8      | Got a brightly glowing war axe
 11696 | D:8      | Reached skill level 1 in Invocations
 11724 | D:8      | Reached *** piety under Cheibriados
 11870 | D:8      | Got a slimy dagger
 11872 | D:8      | Identified the cursed +0 war axe of Vohotzyth {venom, rPois
                  | Str+2} (You found it on level 8 of the Dungeon)
 12022 | D:8      | Learned a level 4 spell: Sticky Flame
 12963 | Lair:5   | Noticed a death yak
 12984 | Lair:5   | Reached **** piety under Cheibriados
 13023 | Lair:5   | Noticed a death yak
 13024 | Lair:5   | Noticed a death yak
 13027 | Lair:5   | Noticed a death yak
 13040 | Lair:5   | Killed a death yak
 13040 | Lair:5   | Killed a death yak
 13041 | Lair:5   | Reached skill level 5 in Conjurations
 13041 | Lair:5   | Reached XP level 13. HP: 56/137 MP: 3/23
 13044 | Lair:5   | Found a dark tunnel.
 13141 | Volcano  | Entered a volcano
 13400 | Volcano  | HP: 2/137 [salamander/+0 spear (10)]
 13757 | Lair:5   | Got a scorched falchion
 13762 | Lair:5   | Reached skill level 11 in Staves
 13956 | Lair:5   | Learned a level 8 spell: Chain Lightning
 14404 | Lair:6   | Entered Level 6 of the Lair of Beasts
 14636 | Lair:6   | Reached ***** piety under Cheibriados
 14643 | Lair:6   | Reached skill level 1 in Slings
 14644 | Lair:6   | Reached skill level 1 in Air Magic
 14731 | Lair:6   | Learned a level 5 spell: Fireball
 14788 | Lair:6   | Killed from afar by a lindwurm

Skill      XL: |  1  2  3  4  5  6  7  8  9 10 11 12 13 |
---------------+----------------------------------------+-----
Dodging        | 3 4 5 6 7 |  7.8
Stealth        | 4 5 6 7 8 9 |  9.0
Maces & Flails | 3 4 5 6 7 8 |  8.5
Fighting       | 2 3 4 5 6 7 8 |  8.4
Throwing       | 1 2 3 4 5 |  5.5
Spellcasting   | 1 2 3 4 5 6 7 |  7.1
Evocations     | 1 2 3 4 5 |  5.9
Staves         | 2 3 5 7 8 9 10 11 | 11.2
Bows           | 1 |  1.5
Conjurations   | 1 3 4 5 |  5.3
Fire Magic     | 1 2 3 4 |  4.9
Charms         | 2 3 4 |  4.4
Invocations    | 2 3 |  3.3
Slings         | 1 |  1.1
Air Magic      | 1 |  1.9

Action                   |  1- 3 |  4- 6 |  7- 9 | 10-12 | 13-15 || total
-------------------------+-------+-------+-------+-------+-------++-------
Melee: Whip              |    75 |    15 |       |       |       ||    90
       Mace              |       |    47 |     8 |       |       ||    55
       Lajatang          |       |    44 |   220 |   411 |    73 ||   748
 Fire: Blowgun           |       |     2 |     1 |       |       ||     3
       Shortbow          |       |       |    49 |       |       ||    49
       Fustibalus        |       |       |       |       |    28 ||    28
Throw: Stone             |    14 |    56 |    57 |   168 |       ||   295
       Tomahawk          |       |       |       |       |     2 ||     2
 Cast: Flame Tongue      |       |       |     4 |    40 |     3 ||    47
       Flaming Arrows    |       |       |       |    29 |     3 ||    32
       Sticky Flame      |       |       |       |    14 |    12 ||    26
       Fireball          |       |       |       |       |     3 ||     3
Evoke: Lightning rod     |       |       |       |     4 |     7 ||    11
       Wand              |       |       |       |     1 |     8 ||     9
  Use: Scroll            |       |     2 |     5 |     9 |     1 ||    17
       Potion            |       |       |       |     2 |     3 ||     5
 Stab: Sleeping          |     3 |     2 |     1 |     2 |     1 ||     9
       Distracted        |       |       |     1 |     1 |       ||     2
       Invisible         |       |       |       |     2 |       ||     2
  Eat: Chunk             |     3 |    10 |    18 |    29 |     6 ||    66
       Ration            |       |       |     1 |     1 |     1 ||     3
Armor: Skin              |    37 |    88 |   289 |   404 |   117 ||   935
Dodge: Dodged            |    44 |    74 |   261 |   389 |   117 ||   885
